AoeStats
← ogipochi_

Black Forest

510038113Analyzed
4v4 RM · 3d ago on Sep 29, 2026· 31m 33s· 8 players
Game mode
Random Map
Map size
Large (8 player)
Population
200
Speed
Normal
Resources
Standard
Victory
Conquest
Starting age
Dark Age
Ending age
Imperial Age
RankedLock teamsTeams togetherTeam positionsShared explorationLock speedFull tech treeHidden civsTurbo modeCheats
Victory
Defeat
🇵🇱 Saxons · Poland
973
+8
🇻🇳 Persians · Vietnam
962
+8
🇻🇳 Bohemians · Vietnam
930
+9
🇫🇷 Byzantines · France
898
+11
796
-10
🇨🇳 Huns · China
769
-9
🇯🇵 Saxons · Japan
765
-9
🇦🇷 Goths · Argentina
738
-8
ogipochi_
0:32 Loom
93arthas
0:34 Loom
14:46 Feudal Age
16:09 Double-Bit Axe
18:49 Town Watch
25:02 Fletching
make wall ,door and market well?
0:31 Loom
卢本伟
4:04 Loom
Bélisaire
0:29 Loom
16:44 Feudal Age
17:29 Fishing Lines
17:44 Double-Bit Axe
17:41 Horse Collar
17:54 Stone Mining
18:48 Gold Mining
20:18 Wheelbarrow
25:00 Castle Age
24:19 Forging
24:11 Scale Mail Armor
24:24 Fletching
25:53 Bow Saw
26:21 Gold Shaft Mining
25:50 Squires
25:37 Arson
27:35 Iron Casting
27:24 Chain Mail Armor
27:12 Gillnets
29:03 Stone Shaft Mining
30:21 Bodkin Arrow
30:43 Hand Cart
Viking
0:59 Loom
Đại Việt 2026
2:11 Loom
13:20 Feudal Age
16:05 Bloodlines
16:24 Scale Mail Armor
28:41 Castle Age
28:06 Horse Collar
28:11 Double-Bit Axe
28:36 Gold Mining
Tào Tháo
0:29 Loom
18:55 Feudal Age
25:26 Double-Bit Axe
31:32 Castle Age
29:57 Forging
Connection lost

Rejoining the realm…

Still unreachable

The connection could not be restored.

Session expired

The server has moved on; the page needs a fresh start.